 Dungeon Crawl Stone Soup version 0.21-a0-529-g8c7b3f5 (webtiles) character file.

961 Gildeon the Skirmisher (level 7, -1/61 HPs)
             Began as a Demigod Fighter on Dec 9, 2017.
             Slain by an ogre
             ... wielding a +0 giant spiked club
              (21 damage)
             ... on level 6 of the Dungeon.
             The game lasted 00:15:48 (5002 turns).

Gildeon the Skirmisher (Demigod Fighter)            Turns: 5002, Time: 00:15:49

Health: -1/61      AC: 16    Str: 21    XL:     7   Next: 60%
Magic:  9/9        EV:  4    Int: 12    God:
Gold:   210        SH:  9    Dex: 17    Spells: 6/6 levels left

rFire    . . .     SeeInvis .   a - +0 long sword
rCold    . . .     Gourm    .   c - +0 shield
rNeg     . . .     Faith    .   o - +1 plate armour
rPois    .         Spirit   .   g - +0 helmet
rElec    .         Reflect  .   (no cloak)
rCorr    .         Harm     .   l - +0 pair of gloves
MR       .....                  e - +0 pair of boots
Stlth    ..........             (no amulet)
HPRegen  0.20/turn              (no ring)
MPRegen  0.11/turn              (no ring)

@: no status effects
A: high mp 1
a: no special abilities


You were on level 6 of the Dungeon.
You were not hungry.

You visited 1 branch of the dungeon, and saw 6 of its levels.

You collected 210 gold pieces.

Inventory:

Hand Weapons
 a - a +0 long sword (weapon)
Armour
 c - a +0 shield (worn)
 e - a +0 pair of boots (worn)
 g - a +0 helmet (worn)
 l - a +0 pair of gloves (worn)
 o - a +1 plate armour (worn)
Wands
 b - a wand of iceblast (16)
 k - a wand of disintegration (13)
Scrolls
 d - a scroll of enchant armour
 h - a scroll of blinking
 n - 5 scrolls of identify
 r - 2 scrolls of teleportation
Potions
 p - a potion of invisibility
 q - 2 potions of heal wounds
 t - a potion of brilliance
Comestibles
 f - 3 bread rations
 i - 4 meat rations
 j - 8 chunks of flesh
 m - 3 royal jellies


   Skills:
 - Level 5.5 Fighting
 - Level 5.4 Long Blades
 - Level 5.0 Armour
 + Level 0.2 Dodging
 - Level 2.6 Shields


You had 6 spell levels left.
You didn't know any spells.

Dungeon Overview and Level Annotations

Branches:
Dungeon (6/15)             Temple (0/1) D:6


Innate Abilities, Weirdness & Mutations

You have an increased reservoir of magic. (+10% MP)


Message History

You start resting.
There is an open door here.
You slash the ogre!
The ogre is moderately wounded.
You block the ogre's attack.
Your shield and plate armour prevent you from hitting the ogre.
The ogre is moderately wounded.
The ogre hits you but does no damage.
You hit the ogre.
The ogre is heavily wounded.
The ogre hits you with a giant spiked club!!
You closely miss the ogre.
The ogre is heavily wounded.
You slash the ogre!
The ogre is severely wounded.
The ogre hits you with a giant spiked club!
You hit the ogre but do no damage.
The ogre is severely wounded.
The ogre hits you with a giant spiked club!!
You die...

.. .. .. .## ..## ..# #O#
###### #######@### #....#
#...#.....# .....#
#...#.###.### #....#
#...'.#>#.'.#
#....#####...#.#+#.#.#
((...........#.....#...
(............###+######..
(................ ...
.##.#.[......#### ..


You could see an ogre.

Vanquished Creatures
  Menkaure (D:5)
  2 ogres
  A centaur (D:6)
  3 crimson imps
  A hound (D:5)
  A jelly (D:5)
  An orc priest (D:5)
  3 orc wizards
  A bullfrog skeleton (D:5)
  2 iguanas
  A worker ant (D:4)
  11 adders
  2 shadow imps
  An adder zombie (D:6)
  An adder skeleton (D:5)
  2 dart slugs
  16 orcs
  9 bats
  3 giant cockroaches
  3 goblins
  4 hobgoblins
  3 jackals (D:6)
  7 kobolds
  3 quokkas
  2 ball pythons
  4 frilled lizards
  12 rats
100 creatures vanquished.

Notes
Turn   | Place    | Note
-------+----------+-------------------------------------------
     0 | D:1      | Gildeon the Demigod Fighter began the quest for the Orb.
     0 | D:1      | Reached XP level 1. HP: 18/18 MP: 3/3
   191 | D:1      | Reached XP level 2. HP: 25/25 MP: 4/4
   787 | D:2      | Found a blossoming altar of Fedhas.
   830 | D:2      | Reached XP level 3. HP: 17/30 MP: 5/5
  1416 | D:2      | Reached XP level 4. HP: 37/37 MP: 6/6
  1598 | D:3      | Found a white marble altar of Elyvilon.
  2284 | D:4      | Noticed an ogre
  2289 | D:4      | Killed an ogre
  2289 | D:4      | Reached skill level 5 in Long Blades
  2289 | D:4      | Reached XP level 5. HP: 42/42 MP: 7/7
  2385 | D:4      | Found an ancient bone altar of Kikubaaqudgha.
  2446 | D:4      | Found a radiant altar of Vehumet.
  2813 | D:4      | Reached XP level 6. HP: 52/52 MP: 8/8
  3353 | D:5      | Entered Level 5 of the Dungeon
  3688 | D:5      | Noticed Menkaure
  3697 | D:5      | Killed Menkaure
  3697 | D:5      | Reached skill level 5 in Fighting
  3697 | D:5      | Reached XP level 7. HP: 49/61 MP: 9/9
  3892 | D:5      | Found a glowing golden altar of the Shining One.
  4822 | D:6      | Reached skill level 5 in Armour
  4977 | D:6      | Found a staircase to the Ecumenical Temple.
  5002 | D:6      | Slain by an ogre

Vault maps used:
D:1:      minmay_arrival_plants_in_alcoves, corexii_hall_statues_i
D:2:      old_standard_altar
D:3:      elyvilon_altar_4
D:4:      kennysheep_mini_moat, kiku_gazebo_garden_becter, first_bread
D:5:      lemuel_doored_altar, grunt_ministairs_2, minmay_fountain_box,
          uniq_menkaure
D:6:      kennysheep_mini, minmay_temple_entry_glassed_door

Skill      XL: |  1  2  3  4  5  6  7 |
---------------+----------------------+-----
Long Blades    | 2 3 4 5 |  5.4
Fighting       | 3 5 |  5.5
Armour         | 5 |  5.0
Dodging        | |  0.2
Shields        | |  2.6

Action                   |  1- 3 |  4- 6 |  7- 9 || total
-------------------------+-------+-------+-------++-------
Melee: Long sword        |   111 |   245 |   122 ||   478
  Use: Scroll            |     7 |     8 |       ||    15
       Potion            |       |     3 |       ||     3
  Eat: Bread ration      |     1 |     1 |     1 ||     3
       Chunk             |       |     1 |       ||     1
Armor: Scale mail        |    48 |       |       ||    48
       Plate armour      |     5 |   140 |    83 ||   228
Dodge: Dodged            |    35 |    27 |    13 ||    75
Block: Shield            |    50 |   115 |    58 ||   223
       Rpst.: Long sword |     5 |     8 |     5 ||    18

Table legend:
 A = Spawn XP
 B = Non-spawn XP
 C = Spawn XP percentage of total XP
 D = Spawn monster count
 E = Non-spawn monster count
 F = Spawn count percentage of total count
 G = Total turns spent on level
                    A         B        C        D         E        F      G
               +---------+---------+-------+---------+---------+-------+---------
         Total |       0 |    1373 |   0.0 |       0 |     100 |   0.0 |  5002
               +---------+---------+-------+---------+---------+-------+---------
           D:1 |       0 |      29 |   0.0 |       0 |      18 |   0.0 |   717
           D:2 |       0 |     106 |   0.0 |       0 |      23 |   0.0 |   806
           D:3 |       0 |      55 |   0.0 |       0 |      20 |   0.0 |   715
           D:4 |       0 |     301 |   0.0 |       0 |       9 |   0.0 |  1115
           D:5 |       0 |     694 |   0.0 |       0 |      21 |   0.0 |  1275
           D:6 |       0 |     188 |   0.0 |       0 |       9 |   0.0 |   374
               +---------+---------+-------+---------+---------+-------+---------
